 Dungeon Crawl Stone Soup version 0.30-a0-135-g630cfc4551 (webtiles) character file.

Game seed: 15032961742147466140

63 Iusername the Covered (level 3, -2/33 HPs)
             Began as a Minotaur Fighter on Sept 19, 2022.
             Slain by a goblin
             ... wielding a +0 dagger
             ... led by Robin
              (3 damage)
             ... on level 2 of the Dungeon on Sept 20, 2022.
             The game lasted 00:03:14 (1305 turns).

Iusername the Covered (Minotaur Fighter)            Turns: 1305, Time: 00:03:15

Health: -2/33      AC:  7    Str: 22    XL:     3   Next: 89%
Magic:  2/2        EV:  9    Int:  5    God:
Gold:   44         SH:  4    Dex:  9    Spells: 2/2 levels left

rFire   . . .      SeeInvis .    a - +0 long sword
rCold   . . .      Faith    .    c - +0 buckler
rNeg    . . .      Spirit   .    b - +0 scale mail
rPois   .          Reflect  .    (helmet restricted)
rElec   .          Harm     .    (no cloak)
rCorr   .          Rampage  .    (no gloves)
Will    .....                    (no boots)
Stlth   ..........               (no amulet)
HPRegen 0.11/turn                (no ring)
MPRegen 0.08/turn                (no ring)

@: mighty
A: horns 2, retaliatory headbutt
a: no special abilities


You were on level 2 of the Dungeon.
You visited 1 branch of the dungeon, and saw 2 of its levels.

You collected 44 gold pieces.

Inventory:

Hand Weapons
 a - a +0 long sword (weapon)
Armour
 b - a +0 scale mail (worn)
 c - a +0 buckler (worn)
Scrolls
 e - a scroll of fog {unknown}
 f - a scroll of amnesia {unknown}
 h - a scroll of teleportation {unknown}
 i - a scroll of identify {unknown}
Potions
 d - a potion of might
 g - a potion of ambrosia {unknown}


   Skills:
 + Level 4.2 Fighting
 + Level 3.0 Long Blades
 + Level 4.5 Armour
 + Level 0.3 Dodging
 + Level 4.1 Shields


You had 2 spell levels left.
You didn't know any spells.
Your spell library contained the following spells:

 Spells                   Type           Power      Damage    Failure   Level
 Dazzling Flash           Conj/Hex       0%         N/A       99%         3
 Iskenderun's Mystic Bla  Conj/Tloc      0%         2d3       100%        4
 Starburst                Conj/Fire      0%         6d3       100%        6


Dungeon Overview and Level Annotations

Branches:
Dungeon (2/15)

Altars:


Innate Abilities, Weirdness & Mutations

You have a pair of horns on your head.
You reflexively headbutt those who attack you in melee.


Message History

The hobgoblin no longer looks unusually strong.
The goblin misses you.
The hobgoblin hits you. x2; Robin drinks a potion.
Robin is healed!
The goblin hits you with a +0 dagger.
* * * LOW HITPOINT WARNING * * *
You closely miss Robin. The goblin hits you but does no damage.
The hobgoblin misses you. The hobgoblin barely misses you.
Robin hits you but does no damage. You block the goblin's attack.
You closely miss Robin. The goblin hits you with a +0 dagger.
* * * LOW HITPOINT WARNING * * *
The hobgoblin hits you but does no damage.
The goblin hits you but does no damage.
Robin roars a battlecry!
The goblins go into a battle-frenzy!
The hobgoblin closely misses you.
The hobgoblin hits you but does no damage.
The goblin hits you but does no damage. The goblin closely misses you.
Robin hits you with a +0 whip.
* * * LOW HITPOINT WARNING * * *
The hobgoblin hits you but does no damage.
You slash Robin! Your headbutt misses Robin.
Robin is almost dead.
You block the goblin's attack. You block the hobgoblin's attack. x2
You block Robin's attack. You block the goblin's attack.
You slash Robin!
You kill Robin!
The hobgoblin hits you but does no damage.
The goblin hits you with a +0 dagger.
* * * LOW HITPOINT WARNING * * *
The hobgoblin hits you but does no damage.
You block the goblin's attack.
Your Long Blades skill increases to level 3!
You closely miss the hobgoblin.
The hobgoblin hits you but does no damage.
The goblin closely misses you.
The hobgoblin hits you but does no damage.
The goblin hits you but does no damage.
You hit the hobgoblin. You headbutt the hobgoblin.
You kill the hobgoblin!
The hobgoblin barely misses you. The goblin hits you with a +0 dagger.
You die...

#.........# #### #.........#
..## #.........# ...##
#.........# ...........#
#...# #.###.#####
...........# #.#.# #. #.#
..........## #)#.# #. ##.#
#.........####g).# #.##.[#
#...........#g@).# #.##.##
#........##...g..####.##.#
#.......####..........#.#
#...†...####...##.......#
.####†..##........####.....#
.........#####....# ##...##
...>#....## #....# #....##
.##.......# ##....# #..#..#
..###..#...##
###..####.....#


You could see a hobgoblin (strong) and 2 goblins.

Vanquished Creatures
  Robin (D:2)
  An adder (D:2)
  2 worms (D:2)
  A dart slug (D:1)
  4 ball pythons (D:1)
  2 endoplasms (D:1)
  A hobgoblin (D:2)
  2 jackals (D:2)
  2 bats (D:1)
  12 goblins
  3 kobolds
  5 rats
36 creatures vanquished.

Notes
Turn   | Place    | Note
-------+----------+-------------------------------------------
     0 | D:1      | Iusername the Minotaur Fighter began the quest for the Orb.
     0 | D:1      | Reached XP level 1. HP: 19/19 MP: 0/0
   337 | D:1      | Reached XP level 2. HP: 26/27 MP: 1/1
   474 | D:1      | Found a faded altar of an unknown god.
   812 | D:2      | Reached XP level 3. HP: 19/33 MP: 2/2
  1245 | D:2      | Upgraded the game from 0.30-a0-134-gb40fab5c76 to
                  | 0.30-a0-135-g630cfc4551
  1285 | D:2      | Noticed Robin
  1303 | D:2      | Killed Robin
  1303 | D:2      | HP: 1/33 [goblin/+0 dagger[Robin] (1)]
  1305 | D:2      | Slain by a goblin

Illustrated notes

Levels and vault maps discovered:
D:1:      scummos_arrival_star, layout_loops_cross,
          hellmonk_ecumenical_altar_leap_of_faith
D:2:      layout_rooms, serial_shops, shop, uniq_crazy_yiuf_cottage, uniq_robin

Skill      XL: |  1  2  3 |
---------------+----------+-----
Shields        | 4 |  4.1
Armour         | 4 |  4.5
Fighting       | 4 |  4.2
Long Blades    | 3 |  3.0
Dodging        | |  0.3

Action                   || total
-------------------------++-------
Melee: Long sword        ||    73
       Headbutt          ||    10
  Use: Potion            ||     2
Armor: Scale mail        ||    52
Dodge: Dodged            ||    50
Block: Buckler           ||    32

Table legend: (Time is in decaauts)
 A = Elapsed time spent in this place.
 B = Non-inter-level travel time spent in this place.
 C = Inter-level travel time spent in this place.
 D = Time resting spent in this place.
 E = Time spent auto-exploring this place.
 F = Levels seen in this place.
 G = Mean time per level.
                   A        B        C        D        E       F      G
               +--------+--------+--------+--------+--------+-----+--------+
         Total |   1327 |   1307 |     20 |    320 |    701 |   2 |  663.5 |
       Dungeon |   1327 |   1307 |     20 |    320 |    701 |   2 |  663.5 |
               +--------+--------+--------+--------+--------+-----+--------+

Top non-repeatable levels by time:
     D:1: 810 daAuts
     D:2: 516 daAuts
